AoeStats
← 流光

Black Forest

507511642Analyzed
4v4 RM · 15d ago on Sep 18, 2026· 66m 43s· 8 players
Game mode
Random Map
Map size
Large (8 player)
Population
200
Speed
Normal
Resources
Standard
Victory
Conquest
Starting age
Dark Age
Ending age
Imperial Age
RankedLock teamsTeams togetherTeam positionsShared explorationLock speedFull tech treeHidden civsTurbo modeCheats
Victory
Defeat
🇮🇪 Celts · Ireland
1279
+16
🇰🇬 Spanish · Kyrgyzstan
1254
+17
🇹🇷 Dravidians · Türkiye
1244
+18
🇪🇸 Saracens · Spain
1242
+18
🇨🇳 Persians · China
1377
-21
🇨🇳 Wu · China
1356
-20
🇨🇳 Cumans · China
1355
-20
🇨🇳 Chinese · China
1045
-19
IWUDJA
11:06 Feudal Age
15:03 Castle Age
12:53 Double-Bit Axe
12:52 Horse Collar
16:22 Bow Saw
16:51 Wheelbarrow
16:22 Heavy Plow
19:27 Loom
24:02 Gold Mining
25:42 Hand Cart
26:33 Stone Mining
30:01 Imperial Age
27:27 Town Watch
28:26 Stone Shaft Mining
27:42 Pikeman
28:39 Scale Mail Armor
28:50 Forging
29:04 Arson
29:04 Gambesons
30:35 Chain Mail Armor
30:56 Iron Casting
30:27 Caravan
30:14 Halberdier
30:29 Onager
30:54 Capped Ram
32:29 Conscription
32:28 Town Patrol
33:04 Siege Onager
36:27 Plate Mail Armor
36:58 Blast Furnace
36:59 Chemistry
36:18 Furor Celtica
37:34 Fletching
38:05 Ballistics
39:23 Stronghold
39:31 Bodkin Arrow
40:34 Elite Woad Raider
41:33 Siege Engineers
41:39 Masonry
43:29 Siege Ram
46:30 Hoardings
Barrios
0:45 Loom
12:04 Feudal Age
16:38 Castle Age
15:03 Double-Bit Axe
16:23 Horse Collar
19:09 Bow Saw
22:36 Fortified Wall
24:48 Wheelbarrow
25:09 Stone Mining
26:43 Fletching
27:51 Heavy Plow
27:56 Town Watch
31:25 Imperial Age
30:31 Scale Barding Armor
31:50 Hand Cart
32:32 Conscription
32:13 Gold Mining
33:01 Bloodlines
34:11 Chemistry
33:54 Murder Holes
35:49 Heavy Camel Rider
43:53 Gold Shaft Mining
44:52 Husbandry
48:21 Forging
48:32 Chain Barding Armor
48:11 Light Cavalry
49:37 Hussar
52:56 Elite Mameluke
54:43 Caravan
54:33 Onager
54:59 Treadmill Crane
59:24 Siege Onager
62:17 Two-Man Saw
62:35 Iron Casting
66:27 Blast Furnace
ikaradayi976
11:08 Feudal Age
14:50 Castle Age
13:06 Double-Bit Axe
13:25 Horse Collar
15:53 Bow Saw
18:40 Gold Mining
22:08 Wheelbarrow
21:20 Town Watch
22:27 Heavy Plow
24:38 Hand Cart
26:37 Stone Mining
30:04 Imperial Age
27:48 Fletching
27:59 Padded Archer Armor
29:04 Bodkin Arrow
30:30 Leather Archer Armor
31:03 Thumb Ring
31:21 Medical Corps
31:36 Conscription
32:53 Wootz Steel
31:56 Elite Elephant Archer
33:06 Bracer
33:36 Ring Archer Armor
34:43 Chemistry
34:04 Ballistics
33:34 Pikeman
34:14 Squires
34:23 Halberdier
36:20 Wootz Steel
36:30 Elite Skirmisher
40:18 Caravan
43:09 Scale Mail Armor
43:20 Forging
44:02 Masonry
44:11 Chain Mail Armor
43:53 Arson
47:54 Two-Man Saw
52:04 Plate Mail Armor
52:10 Iron Casting
51:59 Guard Tower
51:56 Arrowslits
52:07 Murder Holes
58:17 Blast Furnace
Te0n
6:36 Loom
11:36 Feudal Age
15:53 Castle Age
17:12 Fletching
17:04 Horse Collar
17:10 Double-Bit Axe
18:46 Bodkin Arrow
22:27 Bow Saw
24:34 Heavy Plow
30:21 Wheelbarrow
31:28 Gold Mining
31:28 Stone Mining
32:44 Hand Cart
35:37 Imperial Age
33:44 Stone Shaft Mining
35:37 Caravan
36:10 Scale Barding Armor
36:15 Forging
36:24 Cavalier
37:05 Husbandry
37:15 Bloodlines
37:28 Chain Barding Armor
37:50 Paladin
40:44 Iron Casting
40:45 Plate Barding Armor
41:16 Two-Man Saw
42:48 Blast Furnace
44:09 Town Watch
47:13 Chemistry
46:36 Ballistics
48:56 Light Cavalry
51:19 Scale Mail Armor
57:24 Chain Mail Armor
57:27 Pikeman
57:53 Arson
58:12 Squires
58:46 Plate Mail Armor
58:16 Halberdier
流光
11:29 Feudal Age
12:43 Double-Bit Axe
15:19 Castle Age
13:37 Horse Collar
16:24 Bow Saw
16:16 Heavy Plow
20:25 Loom
21:36 Stone Mining
24:00 Wheelbarrow
24:02 Gold Mining
25:22 Hand Cart
25:48 Stone Shaft Mining
26:23 Town Watch
27:28 Town Patrol
30:12 Imperial Age
28:47 Bloodlines
28:38 Husbandry
29:00 Scale Barding Armor
29:05 Forging
30:12 Devotion
30:37 Chain Barding Armor
30:56 Conscription
31:48 Iron Casting
31:56 Plate Barding Armor
33:11 Chemistry
32:07 Murder Holes
32:22 Masonry
34:07 Blast Furnace
35:15 Elite War Elephant
45:43 Architecture
46:07 Hoardings
56:07 Faith
极地沙尘暴
7:05 Loom
9:29 Feudal Age
10:11 Double-Bit Axe
11:25 Horse Collar
16:22 Wheelbarrow
20:45 Castle Age
20:30 Gold Mining
21:32 Bloodlines
22:06 Bow Saw
21:59 Heavy Plow
22:24 Scale Barding Armor
22:30 Forging
23:12 Hand Cart
26:48 Iron Casting
29:48 Imperial Age
28:51 Chain Barding Armor
30:04 Elite Steppe Lancer
32:15 Blast Furnace
31:51 Plate Barding Armor
32:03 Steppe Husbandry
32:24 Conscription
34:45 Cavalier
36:06 Guilds
35:51 Light Cavalry
37:14 Paladin
41:35 Scale Mail Armor
42:17 Gold Shaft Mining
41:34 Hussar
41:42 Pikeman
42:22 Squires
43:50 Two-Man Saw
43:31 Caravan
44:40 Halberdier
45:40 Chain Mail Armor
48:22 Plate Mail Armor
剃刀割猪头
1:20 Loom
12:42 Feudal Age
16:44 Castle Age
14:50 Double-Bit Axe
15:17 Horse Collar
15:39 Stone Mining
16:48 Fletching
21:32 Bodkin Arrow
22:01 Gold Mining
27:20 Imperial Age
25:43 Bow Saw
26:13 Padded Archer Armor
26:40 Masonry
28:21 Bracer
29:41 Conscription
30:53 Ballistics
31:55 Chemistry
32:32 Red Cliffs Tactics
36:32 Sitting Tiger
36:45 Heavy Plow
37:37 Murder Holes
40:03 Wheelbarrow
40:49 Leather Archer Armor
41:49 Architecture
40:42 Pikeman
41:22 Squires
41:33 Scale Mail Armor
41:44 Forging
42:30 Gold Shaft Mining
42:16 Hand Cart
41:47 Halberdier
42:01 Elite Fire Archer
43:41 Chain Mail Armor
44:01 Iron Casting
43:43 Treadmill Crane
46:21 Plate Mail Armor
51:07 Arson
通共大将军
0:46 Loom
14:43 Feudal Age
17:28 Stone Mining
17:28 Gold Mining
17:21 Horse Collar
17:31 Double-Bit Axe
24:17 Castle Age
25:48 Bow Saw
26:33 Gold Shaft Mining
26:33 Stone Shaft Mining
26:02 Heavy Plow
28:16 Fletching
28:27 Padded Archer Armor
28:36 Scale Barding Armor
28:43 Forging
29:29 Great Wall
32:03 Bodkin Arrow
32:24 Leather Archer Armor
37:54 Light Cavalry
38:36 Husbandry
38:41 Scale Mail Armor
39:45 Bloodlines
41:39 Pikeman
50:06 Imperial Age
48:34 Scale Mail Armor
58:34 Halberdier
61:52 Iron Casting
62:43 Chain Mail Armor
65:38 Blast Furnace
65:09 Plate Mail Armor
Connection lost

Rejoining the realm…

Still unreachable

The connection could not be restored.

Session expired

The server has moved on; the page needs a fresh start.